 Dungeon Crawl Stone Soup version 0.29-a0-359-g541a27f54d (webtiles) character file.

Game seed: 16844966479485281529

4 NinjaNoafa the Bolt Thrower (level 1, -21/12 HPs)
             Began as a Kobold Hunter on Apr 27, 2022.
             Was a Follower of Uskayaw.
             Killed by an exploding kobold (31 damage)
             ... ignited by their inner flame
             ... on level 1 of the Dungeon.
             The game lasted 00:01:02 (248 turns).

NinjaNoafa the Bolt Thrower (Kobold Hunter)          Turns: 248, Time: 00:01:03

Health: -21/12     AC:  6    Str:  8    XL:     1   Next: 66%
Magic:  1/1        EV: 14    Int: 10    God:    Uskayaw [*.....]
Gold:   33         SH:  0    Dex: 18    Spells: 0/0 levels left

rFire   . . .      SeeInvis .   a - +1 hand crossbow
rCold   . . .      Faith    .   (no shield)
rNeg    . . .      Spirit   .   b - +0 leather armour
rPois   .          Reflect  .   (no helmet)
rElec   .          Harm     .   (no cloak)
rCorr   .          Rampage  .   d - +2 pair of gloves
Will    .....                   (no boots)
Stlth   +++.......              (no amulet)
HPRegen 0.04/turn               (no ring)
MPRegen 0.07/turn               (no ring)

@: no status effects
A: small, no large weapons, nightstalker 3
a: Renounce Religion, Stomp


You were on level 1 of the Dungeon.
You worshipped Uskayaw.
Uskayaw was noncommittal.
You visited 1 branch of the dungeon, and saw 1 of its levels.

You collected 33 gold pieces.

Inventory:

Hand Weapons
 a - a +1 hand crossbow (weapon)
Armour
 b - a +0 leather armour (worn)
 d - a +2 pair of gloves (worn)
Potions
 e - a potion of curing {unknown}


   Skills:
 + Level 2.3 Fighting
 + Level 5.3 Crossbows
 + Level 2.5 Dodging
 + Level 1.6 Stealth


You couldn't memorise any spells.
You didn't know any spells.
Your spell library contained the following spells:

 Spells                   Type           Power      Damage    Failure   Level
 Ensorcelled Hibernation  Hex/Ice        0%         N/A       63%         2
 Spider Form              Tmut/Pois      0%         N/A       86%         3
 Anguish                  Hex/Necr       0%         N/A       99%         4


Dungeon Overview and Level Annotations

Branches:
Dungeon (1/15)

Altars:
Uskayaw


Innate Abilities, Weirdness & Mutations

You are small and have problems with some larger weapons.
You are completely attuned to the shadows.


Message History

Uskayaw accepts your prayer! Uskayaw welcomes you!
You can now stomp with the beat.
You see here a rat corpse.
Found a stone staircase leading down.
e - a purple potion
Okay, then.
You now have 20 gold pieces (gained 11).
You open the door.
A giant cockroach comes into view.
Okay, then.
You shoot a bolt.
The bolt hits the giant cockroach but does no damage.
You shoot a bolt. The bolt hits the giant cockroach!
You kill the giant cockroach!
There is an open door here.
No target in view!
No target in view!
Really read the scroll of immolation?
You can't even see any enemies this would affect.
Okay, then.
No target in view!
You now have 33 gold pieces (gained 13).
An endoplasm comes into view.
A kobold comes into view. It is wielding a +0 club.
The endoplasm quivers.
Really read the scroll of immolation?
As you read the scroll of immolation, it crumbles to dust.
The creatures around you are filled with an inner flame!
You shoot a bolt. The bolt closely misses the kobold.
The endoplasm freezes you.
You are frozen.
The kobold closely misses you. x2
The endoplasm barely misses you.
You shoot a bolt. The bolt hits the kobold.
Flame seeps out of the kobold.
The kobold is moderately wounded.
The kobold is engulfed in blazing flames.
The kobold explodes!
The fiery explosion engulfs the endoplasm!
The fiery explosion engulfs you!!
Ouch! That really hurt!
You die...

#....# .... ##
#..#.##....# #.
#..#.##....# #.
#..#.##....#. #.
#§§@......... #.
##○.##.....# .##.
.§§§.#.....# ....
.#....#.#'#######....
#.####.#.......+....
........####....
##.####.## #### #.
###..## # #......#


There were no monsters in sight!

Vanquished Creatures
  An endoplasm (D:1)
  A giant cockroach (D:1)
  A hobgoblin (D:1)
  A frilled lizard (D:1)
  A kobold (D:1)
  A rat (D:1)
6 creatures vanquished.

Notes
Turn   | Place    | Note
-------+----------+-------------------------------------------
     0 | D:1      | NinjaNoafa the Kobold Hunter began the quest for the Orb.
     0 | D:1      | Reached XP level 1. HP: 12/12 MP: 1/1
    38 | D:1      | Found a faded altar of an unknown god.
    70 | D:1      | Prayed at the altar of an unknown god.
    70 | D:1      | Became a worshipper of Uskayaw the Reveller
    70 | D:1      | Reached * piety under Uskayaw
   248 | D:1      | Killed by an exploding kobold... ignited by their inner
                  | flame

Illustrated notes

Levels and vault maps discovered:
D:1:      elethiomel_arrival_shortcut, layout_basic,
          ebering_ecumenical_altar_box

Action                   || total
-------------------------++-------
 Fire: Hand crossbow     ||     8
  Use: Scroll            ||     1
Dodge: Dodged            ||     3

Table legend: (Time is in decaauts)
 A = Elapsed time spent in this place.
 B = Non-inter-level travel time spent in this place.
 C = Inter-level travel time spent in this place.
 D = Time resting spent in this place.
 E = Time spent auto-exploring this place.
 F = Levels seen in this place.
 G = Mean time per level.
                   A        B        C        D        E       F      G
               +--------+--------+--------+--------+--------+-----+--------+
         Total |    250 |    250 |      0 |      0 |    208 |   1 |  250.0 |
       Dungeon |    250 |    250 |      0 |      0 |    208 |   1 |  250.0 |
               +--------+--------+--------+--------+--------+-----+--------+

Top non-repeatable levels by time:
     D:1: 250 daAuts
